 Dungeon Crawl Stone Soup version 0.20.1-1-g8b1a95d (webtiles) character file.

7384 letownia2 the Reanimator (level 10, 89/91 HPs)
             Began as a Deep Dwarf Necromancer on Nov 14, 2017.
             Was an Initiate of Gozag.
             Quit the game on level 10 of the Dungeon.
             The game lasted 00:30:23 (9303 turns).

letownia2 the Reanimator (Deep Dwarf Necromancer)   Turns: 9303, Time: 00:30:24

Health: 89/91      AC: 13    Str: 17    XL:     10   Next: 92%
Magic:  21/21      EV: 13    Int: 23    God:    Gozag
Gold:   241        SH:  0    Dex: 13    Spells: 20/24 levels left

rFire    . . .     SeeInvis .   x - +0 mace (curse)
rCold    + . .     Gourm    +   (no shield)
rNeg     + . .     Faith    .   S - +2 ring mail {rC+}
rPois    .         Spirit   .   (no helmet)
rElec    .         Reflect  .   p - +0 cloak
rCorr    .         Harm     .   M - +2 pair of gloves {Str+3}
MR       +....     Rnd*Tele +   I - +0 pair of boots of Elyjig {rN+ Int+6}
Stlth    ..........             G - amulet of the gourmand
Regen    0.0/turn               Y - ring of loudness (curse)
MPRegen  0.2/turn               a - ring of teleportation (curse)

@: non-regenerating
A: damage resistance, heal wounds, sense surroundings 2, no regeneration
a: Heal Wounds, Potion Petition, Call Merchant, Bribe Branch, Renounce Religion


You were on level 10 of the Dungeon.
You worshipped Gozag.
Gozag was aware of your devotion.
You were full.

You visited 1 branch of the dungeon, and saw 10 of its levels.
You also visited: Trove.

You collected 2224 gold pieces.
You spent 1336 gold pieces at shops.
You paid 647 gold pieces to Gozag.

Inventory:

Hand Weapons
 x - a cursed +0 mace (weapon)
Missiles
 m - 43 poisoned needles
 F - 6 tomahawks (quivered)
Armour
 p - a +0 cloak (worn)
 I - the +0 pair of boots of Elyjig (worn) {rN+ Int+6}
   (You bought it in a shop on level 6 of the Dungeon)

   It affects your intelligence (+6).
   It protects you from negative energy.
 M - a +2 pair of gloves of strength (worn)
 S - a +2 ring mail of cold resistance (worn)
Jewellery
 a - a cursed ring of teleportation (right hand)
 b - an uncursed ring of wizardry {unknown}
 d - an uncursed ring of see invisible
 g - a +4 ring of slaying {unknown}
 k - an uncursed ring of fire {unknown}
 n - an uncursed ring of flight
 G - an amulet of the gourmand (around neck)
 H - an uncursed ring of protection from fire
 Y - a cursed ring of loudness (left hand)
Wands
 l - a wand of random effects (15/48)
 u - a wand of lightning (8/15)
 y - a wand of flame (38/48)
 J - a wand of iceblast (0/15)
 K - a wand of flame (2/48)
 L - a wand of polymorph (13/24)
 Q - a wand of random effects (23/48)
Scrolls
 e - a scroll of enchant weapon {unknown}
 i - 2 scrolls of identify
 j - a scroll of fog
 q - a scroll of vulnerability {unknown}
 r - 2 scrolls of random uselessness {unknown}
 s - 2 scrolls of noise {unknown}
 v - 2 scrolls of enchant armour {unknown}
 B - a scroll of fear
 C - 4 scrolls of teleportation
 E - a scroll of magic mapping
 T - a scroll of immolation {unknown}
 W - a scroll of recharging {unknown}
Potions
 f - 7 potions of curing {unknown}
 h - 2 potions of mutation
 o - 2 potions of ambrosia
 w - 2 potions of resistance
 z - a potion of berserk rage
 D - 2 potions of haste
 N - a potion of magic {unknown}
 P - 3 potions of heal wounds
Comestibles
 c - 5 bread rations
 Z - 2 fruits


   Skills:
 - Level 5.6 Fighting
   Level 4.9 Axes
 - Level 3.6 Armour
 - Level 4.5 Dodging
 - Level 2.4 Stealth
 - Level 7.5 Spellcasting
 + Level 11.7 Necromancy
 - Level 5.2 Evocations


You had 20 spell levels left.
You knew the following spells:

 Your Spells              Type           Power        Failure   Level  Hunger
a - Pain                  Necr           ####         1%          1    None
v - Vampiric Draining     Necr           ######....   1%          3    None


Dungeon Overview and Level Annotations

Branches:
Dungeon (10/15)            Temple (0/1) D:4            Lair (0/6) D:10
    Orc: D:9-12

Altars:
Cheibriados
Gozag
Hepliaklqana
Qazlal
Sif Muna
Trog
Uskayaw
Vehumet
The Shining One

Shops:
D:6 [   D:7 *

Annotations:
D:5 exclusion: upstairs
D:7 1 exclusion


Innate Abilities, Weirdness & Mutations

You are resistant to damage.
You can heal yourself by infusing magical energy.
You passively map the area around you.
You do not regenerate.


Message History

Okay, then.
Wear which item? (? for menu, Esc to quit)
You start removing your armour.
You continue taking off your +2 pair of gloves. x4
You finish taking off your +2 pair of gloves.
You start putting on your armour.
You continue putting on your pair of embroidered gloves. x5
You finish putting on your +2 pair of gloves of strength.
You feel stronger.
Drop what? 46/52 slots (_ for help) (? for menu, Esc to quit)
You drop a +2 pair of gloves.
Drop what? 45/52 slots (_ for help) (? for menu, Esc to quit)
Okay, then.
Put on which piece of jewellery? (? for menu, Esc to quit)
Okay, then.
You can't unwield your weapon to draw a new one!
Unknown command.
Put on which piece of jewellery? (? for menu, Esc to quit)
Okay, then.
Are you sure you want to abandon this character and quit the game? (Confirm with "yes".)

####### ##.#.#.##
##.......#########
#@:......'.##.....
##.......#.##.....
##.#.#.##.##.....
#########'.'.....
#........###.....
#....[..<# #.....
#############....
##.## ##.###...)
#.((# #...#####'


There were no monsters in sight!

Vanquished Creatures
  2 two-headed ogres
  A gargoyle (D:10)
  A human (D:7)
  4 yaks (D:9)
  2 hogs (D:7)
  3 water moccasins
  2 hell hounds (D:10)
  2 orc warriors
  5 ice beasts
  3 sky beasts
  6 ogres
  4 centaurs
  A big kobold (D:10)
  A gnoll sergeant (D:6)
  9 bullfrogs
  2 scorpions
  5 howler monkeys
  A crimson imp (D:9)
  A quasit (D:9)
  2 jellies (D:9)
  A bullfrog skeleton (D:6)
  13 orc wizards
  6 orc priests
  3 hounds
  5 iguanas
  Ijyb (D:3)
  10 worker ants
  A hound zombie (D:6)
  A hound skeleton (D:9)
  A howler monkey skeleton (D:8)
  7 gnolls
  6 adders
  2 shadow imps (D:5)
  3 worms
  3 dart slugs
  8 leopard geckos
  46 orcs
  11 giant cockroaches
  7 goblins
  11 hobgoblins
  12 jackals
  9 kobolds
  2 quokkas
  2 ball pythons
  8 bats
  3 frilled lizards
  A jackal skeleton (D:6)
  A leopard gecko skeleton (D:5)
  10 rats
251 creatures vanquished.

Vanquished Creatures (others)
  A centaur (D:7)
  An orc wizard (D:10)
2 creatures vanquished.

Grand Total: 253 creatures vanquished

Notes
Turn   | Place    | Note
-------+----------+-------------------------------------------
     0 | D:1      | letownia2 the Deep Dwarf Necromancer began the quest for the Orb.
     0 | D:1      | Reached XP level 1. HP: 15/15 MP: 3/3
   237 | D:2      | Reached XP level 2. HP: 22/22 MP: 3/5
   241 | D:2      | Found a hazy altar of Hepliaklqana.
   460 | D:2      | Reached skill level 5 in Necromancy
   574 | D:3      | Reached XP level 3. HP: 20/28 MP: 2/6
   579 | D:3      | Learned a level 3 spell: Vampiric Draining
   852 | D:3      | Reached skill level 1 in Armour
  1001 | D:3      | Reached XP level 4. HP: 8/36 MP: 0/7
  1257 | D:4      | Reached skill level 6 in Necromancy
  1393 | D:4      | Found a hide-covered altar of Uskayaw.
  1427 | D:4      | Found a snail-covered altar of Cheibriados.
  1427 | D:4      | Noticed an ogre
  1440 | D:4      | Killed an ogre
  1440 | D:4      | Reached XP level 5. HP: 25/42 MP: 0/8
  1451 | D:4      | Found a radiant altar of Vehumet.
  1454 | D:4      | Found an opulent altar of Gozag.
  1460 | D:4      | Became a worshipper of Gozag Ym Sagoz the Greedy
  1722 | D:4      | Reached XP level 6. HP: 44/49 MP: 2/10
  1839 | D:4      | Reached skill level 7 in Necromancy
  1982 | D:4      | Reached skill level 1 in Fighting
  2016 | D:4      | Found a staircase to the Ecumenical Temple.
  2471 | D:3      | Noticed Ijyb
  2478 | D:3      | Killed Ijyb
  3176 | D:2      | Reached XP level 7. HP: 54/60 MP: 9/11
  3873 | D:5      | Entered Level 5 of the Dungeon
  3922 | D:5      | Reached skill level 8 in Necromancy
  4344 | D:5      | Found a bloodstained altar of Trog.
  4744 | D:6      | Reached XP level 8. HP: 40/69 MP: 1/15
  4808 | D:6      | Reached skill level 5 in Spellcasting
  5444 | D:6      | Bought a pair of bloodstained boots for 256 gold pieces
  5454 | D:6      | Identified the +0 pair of boots of Elyjig {rN+ Int+6} (You bought it in a shop on level 6 of the Dungeon)
  5678 | D:7      | Gained mutation: You passively map the area around you. [Deep Dwarf growth]
  5678 | D:7      | Reached XP level 9. HP: 61/78 MP: 1/20
  5881 | D:7      | Reached skill level 9 in Necromancy
  6352 | D:7      | Found a deep blue altar of Sif Muna.
  6381 | D:7      | Found Gipek's Serpentskin Sales.
  6388 | D:7      | Reached skill level 10 in Necromancy
  6773 | D:8      | Reached skill level 1 in Axes
  6986 | D:8      | Reached skill level 1 in Evocations
  7010 | D:8      | Noticed a two-headed ogre
  7043 | D:8      | Killed a two-headed ogre
  7313 | D:8      | Reached XP level 10. HP: 83/87 MP: 19/21
  7344 | D:8      | Found a glowing golden altar of the Shining One.
  7443 | D:8      | Found a stormy altar of Qazlal.
  7680 | D:9      | Reached skill level 5 in Fighting
  8038 | D:9      | Reached skill level 5 in Evocations
  8441 | D:10     | Entered Level 10 of the Dungeon
  8469 | D:10     | Noticed a gargoyle
  8659 | D:10     | Found a staircase to the Lair.
  8767 | D:10     | Killed a gargoyle
  8798 | D:10     | Noticed a two-headed ogre
  8808 | D:10     | Killed a two-headed ogre
  8808 | D:10     | Reached skill level 11 in Necromancy
  8889 | D:10     | Found a portal to a secret trove of treasure.
  8945 | D:10     | Noticed a gargoyle
  9099 | D:6      | Bought the +0 Maxwell's etheric cage {RegenMP+ *Contam rElec MP+4} for 1080 gold pieces
  9213 | D:10     | You paid a toll of Maxwell's etheric cage to enter a treasure trove
  9214 | Trove    | Entered a treasure trove
  9303 | D:10     | Quit the game

Skill      XL: |  1  2  3  4  5  6  7  8  9 10 |
---------------+-------------------------------+-----
Spellcasting   | 2 3 4 7 |  7.5
Necromancy     | 5 6 7 8 10 11 | 11.7
Armour         | 1 2 3 |  3.6
Fighting       | 2 3 4 5 |  5.6
Axes           | 2 4 |  4.9
Evocations     | 2 5 |  5.2
Dodging        | 3 4 |  4.5
Stealth        | |  2.4

Action                   |  1- 3 |  4- 6 |  7- 9 | 10-12 || total
-------------------------+-------+-------+-------+-------++-------
Melee: Unarmed           |    19 |       |       |       ||    19
       Short sword       |       |     4 |     1 |       ||     5
       Dagger            |       |       |   131 |       ||   131
       Trident           |       |       |   100 |   122 ||   222
       Mace              |       |       |       |    60 ||    60
Throw: Tomahawk          |       |       |     6 |     2 ||     8
 Cast: Pain              |    40 |   112 |   170 |    24 ||   346
       Vampiric Draining |     5 |    12 |    55 |    55 ||   127
Invok: Call Merchant     |       |       |     1 |       ||     1
Evoke: Wand              |       |       |       |    24 ||    24
  Use: Scroll            |       |     1 |    11 |     4 ||    16
 Stab: Distracted        |       |       |     2 |     1 ||     3
       Sleeping          |       |       |     4 |     1 ||     5
  Eat: Chunk             |     1 |     4 |       |       ||     5
       Bread ration      |       |     1 |       |       ||     1
       Meat ration       |       |       |     2 |     2 ||     4
       Royal jelly       |       |       |     1 |     1 ||     2
       Fruit             |       |       |     4 |       ||     4
Armor: Ring mail         |    36 |    21 |   132 |   107 ||   296
Dodge: Dodged            |    43 |    25 |   195 |   160 ||   423
